 Dungeon Sprint DCSS version 0.28.0 (webtiles) character file.

Game seed: 15596379189782138662

936 rocky1 the Blocker (level 7, -1/87 HPs)
             Began as a Minotaur Fighter on Feb 10, 2022.
             Was a Follower of Okawaru.
             Slain by a rust devil (12 damage)
             ... summoned by a kobold demonologist
             ... in the Dungeon (Sprint III: "The Ten Rune Challenge").
             The game lasted 00:03:20 (874 turns).

rocky1 the Blocker (Minotaur Fighter)                Turns: 874, Time: 00:03:21

Health: -1/87      AC: -12   Str: 22    XL:     7   Next: 87%
Magic:  6/6        EV:  9    Int:  5    God:    Okawaru [*.....]
Gold:   27         SH:  7    Dex: 10    Spells: 6/6 levels left

rFire   . . .      SeeInvis .   q - +2 long sword (holy)
rCold   . . .      Faith    .   c - +0 buckler
rNeg    . . .      Spirit   .   b - +0 scale mail
rPois   .          Reflect  .   (helmet restricted)
rElec   .          Harm     .   (no cloak)
rCorr   .          Rampage  .   (no gloves)
Will    .....      NoTele   +   (no boots)
Stlth   ..........              (no amulet)
HPRegen 0.24/turn               (no ring)
MPRegen 0.10/turn               (no ring)

@: berserking (expiring), corroded, very quick
A: horns 2, retaliatory headbutt
a: Renounce Religion, Heroism


You were in the Dungeon.
You worshipped Okawaru.
Okawaru was aware of your devotion.
You visited 1 branch You collected 27 gold pieces.

Inventory:

Hand Weapons
 a - a +0 long sword
 q - a +2 long sword of holy wrath (weapon)
Armour
 b - a +0 scale mail (worn)
 c - a +0 buckler (worn)
Wands
 p - a wand of mindburst (5)
Scrolls
 f - 2 scrolls of immolation {unknown}
 k - a scroll of enchant armour {unknown}
 l - 2 scrolls of identify {unknown}
Potions
 d - a potion of might
 e - 2 potions of curing
 g - a potion of haste
 h - 2 potions of magic
 i - a potion of berserk rage
 m - a potion of resistance {unknown}
 n - 4 potions of flight
 o - 4 potions of mutation


   Skills:
 + Level 3.7 Fighting
 - Level 14.5 Long Blades
 + Level 3.7 Armour
 + Level 0.5 Dodging
 - Level 14.7 Shields
 + Level 0.4 Invocations


You had 6 spell levels left.
You didn't know any spells.
Your spell library was empty.

Dungeon Overview and Level Annotations

Branches:
Dungeon (1/1)

Altars:
Dithmenos
Elyvilon
Kikubaaqudgha
Okawaru
Ru
Sif Muna
Trog
Uskayaw
Vehumet
Wu Jian
Yredelemnul
Zin
The Shining One
Beogh


Innate Abilities, Weirdness & Mutations

You have a pair of horns on your head.
You reflexively headbutt those who attack you in melee.


Message History

You block the ufetubus's attack. The ufetubus hits you.
Unknown command.
Press < or > to pray at altars.
Unknown command.
Press < or > to pray at altars.
A red film seems to cover your vision as you go berserk!
You feel yourself moving faster!
You feel mighty! You block the ufetubus's attack. The ufetubus hits you.
The rust devil misses you. You block the ufetubus's attack.
The ufetubus closely misses you.
You hit the ufetubus but do no damage. You closely miss the ufetubus.
Your headbutt misses the ufetubus. The ufetubus hits you.
* * * LOW HITPOINT WARNING * * *
The ufetubus hits you.
* * * LOW HITPOINT WARNING * * *
You block the rust devil's attack.
You barely miss the ufetubus. You barely miss the ufetubus.
The ufetubus hits you.
* * * LOW HITPOINT WARNING * * *
The ufetubus closely misses you. The rust devil hits you.
* * * LOW HITPOINT WARNING * * *
The rust devil corrodes you!
You closely miss the ufetubus. You block the ufetubus's attack.
The ufetubus hits you.
* * * LOW HITPOINT WARNING * * *
You slash the ufetubus!
You kill the ufetubus!
The ufetubus disappears in a puff of smoke!
The rust devil completely misses you. You furiously retaliate!
You headbutt the rust devil, but do no damage.
Unknown command.
Press < or > to pray at altars.
The crimson imp blinks!
The kobold demonologist mumbles some strange words.
You barely miss the kobold demonologist.
Your headbutt misses the kobold demonologist.
The kobold demonologist is moderately wounded.
The rust devil hits you!
You die...

####.....♣♣ ♣..#...#__.#._#
†..#....≈.♣♣♣..###'#)###)##
...#...≈≈♣♣♣.♣.#..........#
...#..≈≈≈≈..♣..'.⌠........#
##'#..≈≈≈≈≈≈...#.5.######+#
.††#.≈≈≈≈≈≈....#5⌠.#
...#.≈≈≈≈≈.....#4..#
...#.≈≈≈.......#K###
####...........#@4.#
...............#__5#
▓▓▓▓▓▓▓▓▓▓▓▓▓▓▓▓▓▓▓▓


You could see a hellwing (summoned), a rust devil (summoned), a kobold
demonologist, an iron imp (summoned), a crimson imp (summoned) and an ufetubus
(summoned).

Vanquished Creatures
  A deep elf pyromancer (D)
  A necrophage (D)
  A water elemental (D)
  A scorpion (D)
  A wizard (D)
  A necromancer (D)
  3 humans (D)
  4 rats (D)
13 creatures vanquished.

Notes
Turn   | Place    | Note
-------+----------+-------------------------------------------
     0 | D        | rocky1 the Minotaur Fighter began the quest for the Orb.
     0 | D        | Reached XP level 1. HP: 19/19 MP: 0/0
    62 | D        | Reached skill level 5 in Long Blades
    62 | D        | Reached skill level 5 in Shields
    62 | D        | Reached XP level 2. HP: 13/26 MP: 1/1
   352 | D        | Noticed a scorpion
   362 | D        | Killed a scorpion
   363 | D        | Reached XP level 3. HP: 18/31 MP: 2/2
   363 | D        | Reached XP level 4. HP: 23/39 MP: 3/3
   723 | D        | Noticed a water elemental
   727 | D        | Killed a water elemental
   728 | D        | Reached XP level 5. HP: 45/45 MP: 4/4
   735 | D        | Found a hide-covered altar of Uskayaw.
   735 | D        | Found an iron altar of Okawaru.
   735 | D        | Found a bloodstained altar of Trog.
   735 | D        | Found an ornate altar of the Wu Jian Council.
   735 | D        | Noticed a human
   736 | D        | Noticed a human
   737 | D        | Killed a human
   738 | D        | Reached skill level 10 in Long Blades
   738 | D        | Reached XP level 6. HP: 44/51 MP: 5/5
   739 | D        | Killed a human
   746 | D        | Became a worshipper of Warmaster Okawaru
   754 | D        | Found a basalt altar of Yredelemnul.
   754 | D        | Found a shadowy altar of Dithmenos.
   754 | D        | Found a sacrificial altar of Ru.
   775 | D        | Found a glowing silver altar of Zin.
   775 | D        | Found a glowing golden altar of the Shining One.
   775 | D        | Found a white marble altar of Elyvilon.
   776 | D        | Noticed a deep elf pyromancer
   779 | D        | Killed a deep elf pyromancer
   779 | D        | Reached * piety under Okawaru
   780 | D        | Reached XP level 7. HP: 47/57 MP: 6/6
   842 | D        | Found a radiant altar of Vehumet.
   842 | D        | Found a shimmering blue altar of Sif Muna.
   842 | D        | Found an ancient bone altar of Kikubaaqudgha.
   845 | D        | Noticed a rust devil
   863 | D        | Noticed a hellwing
   874 | D        | Slain by a rust devil

Illustrated notes

Levels and vault maps discovered:
D:        dungeon_sprint_mu [sprint_mu_entry_forest, sprint_mu_temple_rooms,
          sprint_mu_d1_spiders, sprint_mu_d2_genie, sprint_mu_d3_branching,
          sprint_mu_orc_legion, sprint_mu_elf_gauntlet, sprint_mu_hive_nellie,
          sprint_mu_lair_fedhas, sprint_mu_vaults_butterflies,
          sprint_mu_slime_circle, sprint_mu_shoals_archi,
          sprint_mu_snake_twists, sprint_mu_blade_basic,
          sprint_mu_crypt_fortress, sprint_mu_tomb_spiral,
          sprint_mu_vestibule_basic, sprint_mu_gehenna_hellfire,
          sprint_mu_dis_giant, sprint_mu_tartarus_statrot,
          sprint_mu_cocytus_islands, sprint_mu_zot1]

Skill      XL: |  1  2  3  4  5  6 |
---------------+-------------------+-----
Long Blades    | 5 7 8 10 14 | 14.5
Shields        | 5 7 9 11 14 | 14.7
Fighting       | |  3.7
Armour         | |  3.7
Dodging        | |  0.5
Invocations    | |  0.4

Action                   |  1- 3 |  4- 6 |  7- 9 || total
-------------------------+-------+-------+-------++-------
Melee: Long sword        |    21 |    19 |    29 ||    69
       Headbutt          |     1 |     5 |     3 ||     9
  Use: Potion            |     1 |     1 |     1 ||     3
       Scroll            |       |       |     1 ||     1
Armor: Scale mail        |     4 |     2 |     4 ||    10
Dodge: Dodged            |     8 |       |    13 ||    21
Block: Buckler           |     7 |     4 |     9 ||    20
